 Dungeon Crawl Stone Soup version 0.20.0-8-g6b59dc7 (webtiles) character file.

160 Kosschaser the Cudgeler (level 5, -1/32 HPs)
             Began as a Gargoyle Skald on May 30, 2017.
             Slain by an iguana (5 damage)
             ... on level 4 of the Dungeon.
             The game lasted 00:09:45 (3331 turns).

Kosschaser the Cudgeler (Gargoyle Skald)            Turns: 3331, Time: 00:09:45

Health: -1/32      AC:  8    Str: 15    XL:     5   Next: 41%
Magic:  8/8        EV:  7    Int: 13    God:
Gold:   174        SH: 11    Dex: 10    Spells: 4/8 levels left

rFire    . . .     SeeInvis .   a - +0 mace
rCold    . . .     Gourm    .   r - +0 large shield
rNeg     + . .     Faith    .   b - +0 leather armour
rPois    ∞         Spirit   .   i - +0 helmet
rElec    +         Reflect  .   (no cloak)
rCorr    +         Harm     .   (no gloves)
MR       .....                  (no boots)
Stlth    +.........             t - amulet of magic regeneration
Regen    0.1/turn               e - ring of resist corrosion
MPRegen  0.2/turn               (no ring)

@: no status effects
A: negative energy resistance 1, electricity resistance, unbreathing,
petrification resistance, rot immunity, AC +4
a: no special abilities


You were on level 4 of the Dungeon.
You were hungry.

You visited 1 branch of the dungeon, and saw 4 of its levels.

You collected 174 gold pieces.

Inventory:

Hand Weapons
 a - a +0 mace (weapon)
Armour
 b - a +0 leather armour (worn)
 i - a +0 helmet (worn)
 r - a +0 large shield (worn)
Jewellery
 e - a ring of resist corrosion (left hand)
 t - an amulet of magic regeneration (around neck)
Scrolls
 h - 6 scrolls of identify {unknown}
 j - 2 scrolls of blinking {unknown}
 l - a scroll of amnesia {unknown}
 m - 2 scrolls of remove curse {unknown}
 n - 2 scrolls of enchant weapon {unknown}
 q - 2 scrolls of enchant armour {unknown}
 s - a scroll of fog {unknown}
 u - 3 scrolls of magic mapping {unknown}
 v - a scroll of noise {unknown}
Potions
 g - 2 potions of agility {unknown}
 k - a potion of curing {unknown}
 p - a potion of invisibility {unknown}
 w - a potion of brilliance {unknown}
 z - a potion of might {unknown}
Books
 c - a book of Battle

   Spells                             Type                      Level
   a - Infusion                       Charms                       1
   b - Shroud of Golubria             Charms/Translocation         2
   c - Song of Slaying                Charms                       2
   d - Spectral Weapon                Hexes/Charms                 3
   e - Regeneration                   Charms/Necromancy            3
Comestibles
 d - 3 bread rations
 f - 3 royal jellies
 o - a meat ration
 x - 6 chunks of flesh


   Skills:
 + Level 2.8 Fighting
 + Level 3.5 Maces & Flails
 + Level 2.3 Armour
 + Level 2.0 Dodging
 + Level 1.4 Shields
 + Level 2.3 Spellcasting
 + Level 3.0 Charms


You had 4 spell levels left.
You knew the following spells:

 Your Spells              Type           Power        Failure   Level  Hunger
a - Infusion              Chrm           #...         88%         1    #......
b - Spectral Weapon       Hex/Chrm       #.......     100%        3    ###....


Dungeon Overview and Level Annotations

Branches:
Dungeon (4/15)
 Temple: D:4-7

Altars:
Ashenzari
Elyvilon
Hepliaklqana
The Shining One


Innate Abilities, Weirdness & Mutations

You are resistant to torment.
Your stone body is resilient. (AC +4)
You are immune to poison.
You resist negative energy. (rN+)
You are resistant to electric shocks. (rElec)
You can survive without breathing.
You are immune to petrification.
You are immune to rotting.


Message History

a club; an orc skeleton You are feeling hungry.
You barely miss the iguana.
The iguana is moderately wounded.
The iguana bites you.
You barely miss the iguana.
The iguana is moderately wounded.
The iguana bites you!
* * * LOW HITPOINT WARNING * * *
Okay, then.
You block the iguana's attack.
You hit the iguana but do no damage.
The iguana is lightly wounded.
The iguana bites you.
* * * LOW HITPOINT WARNING * * *
You hit the iguana but do no damage.
The iguana is lightly wounded.
The iguana closely misses you. The iguana bites you.
You die...

#.....##.###.#
#............#
#.#...###.#..#
#..>.....###.###
#.##......#....<
#.###.##...# .####
##.###)#...## .....
#..........###..# #.#
###..###@#........###.#
.........l............##
#####.##..##.##.##......#
#.##..##.##.#...##..##
#...........#.#.#.....
####.######.#.#.#.....
#.# #.........#. #.#
##.###.#.#.#. #.# #.##
##.###..


You could see an iguana.

Vanquished Creatures
  A hound (D:4)
  A worker ant (D:4)
  5 worms
  3 dart slugs
  A leopard gecko (D:1)
  6 orcs
  6 bats
  3 giant cockroaches
  8 goblins
  7 hobgoblins
  5 jackals (D:1)
  7 kobolds
  2 quokkas (D:4)
  A ball python (D:2)
  7 frilled lizards
  10 rats
73 creatures vanquished.

Notes
Turn   | Place    | Note
-------+----------+-------------------------------------------
     0 | D:1      | Kosschaser the Gargoyle Skald began the quest for the Orb.
     0 | D:1      | Reached XP level 1. HP: 12/12 MP: 3/3
   206 | D:1      | Reached XP level 2. HP: 17/18 MP: 5/5
   395 | D:1      | Reached XP level 3. HP: 20/22 MP: 6/6
   814 | D:2      | Learned a level 3 spell: Spectral Weapon
   946 | D:2      | Found a faded altar of an unknown god.
  1128 | D:2      | Found a glowing golden altar of the Shining One.
  1531 | D:3      | Found a white marble altar of Elyvilon.
  1546 | D:3      | Reached XP level 4. HP: 27/27 MP: 7/7
  1768 | D:3      | Found a white marble altar of Elyvilon.
  2404 | D:3      | Found a shattered altar of Ashenzari.
  2845 | D:3      | Found a hazy altar of Hepliaklqana.
  3115 | D:4      | Reached skill level 1 in Shields
  3115 | D:4      | Reached XP level 5. HP: 23/31 MP: 8/8
  3331 | D:4      | Slain by an iguana

Skill      XL: |  1  2  3  4 |
---------------+-------------+-----
Charms         | 3 |  3.0
Armour         | 2 |  2.3
Dodging        | 2 |  2.0
Maces & Flails | 3 |  3.5
Shields        | 1 |  1.4
Fighting       | |  2.8
Spellcasting   | |  2.3

Action                   |  1- 3 |  4- 6 || total
-------------------------+-------+-------++-------
Melee: Mace              |   159 |   165 ||   324
 Cast: Spectral Weapon   |     1 |       ||     1
       Infusion          |       |     1 ||     1
  Eat: Chunk             |     2 |     6 ||     8
Armor: Leather armour    |    99 |    45 ||   144
Dodge: Dodged            |   150 |    64 ||   214
Block: Large shield      |       |    95 ||    95
